 Dungeon Crawl Stone Soup version 0.30-a0-777-ga9a30cbeda (webtiles) character file.

Game seed: 843348061615267020

228 Flugslaktarn the Chopper (level 6, -7/56 HPs)
             Began as a Hill Orc Fighter on Feb 13, 2023.
             Killed by divine providence
             ... invoked by an orc priest
              (8 damage)
             ... on level 4 of the Dungeon.
             The game lasted 00:01:26 (2932 turns).

Flugslaktarn the Chopper (Hill Orc Fighter)         Turns: 2932, Time: 00:01:26

Health: -7/56      AC:  5    Str: 27    XL:     6   Next: 2%
Magic:  6/6        EV:  9    Int:  8    God:
Gold:   197        SH:  5    Dex: 16    Spells: 5/5 levels left

rFire   + . .      SeeInvis .    a - +0 war axe
rCold   + . .      Faith    .    c - +0 buckler
rNeg    . . .      Spirit   .    b - +0 scale mail
rPois   +          Reflect  .    (no helmet)
rElec   +          Harm     .    m - +0 cloak
rCorr   +          Rampage  .    p - +0 pair of gloves
Will    .....                    (no boots) Stlth
                                 (no amulet)
HPRegen 0.29/turn                t - +6 ring of dexterity
MPRegen 0.10/turn                k - +6 ring of strength

@: mighty, resistant, corroded, hasted, very quick
A: no striking features
a: Convert to Beogh


You were on level 4 of the Dungeon.
You visited 1 branch of the dungeon, and saw 4 of its levels.

You collected 197 gold pieces.

Inventory:

Hand Weapons
 a - a +0 war axe (weapon)
Armour
 b - a +0 scale mail (worn)
 c - a +0 buckler (worn)
 m - a +0 cloak (worn)
   (You found it on level 2 of the Dungeon)
 p - a +0 pair of gloves (worn)
   (You found it on level 2 of the Dungeon)
Jewellery
 k - a +6 ring of strength (right hand)
   (You found it on level 1 of the Dungeon)
 t - a +6 ring of dexterity (left hand)
   (You found it on level 3 of the Dungeon)
Scrolls
 e - a scroll of immolation {unknown}
 g - 3 scrolls of identify {unknown}
 i - a scroll of amnesia {unknown}
 j - a scroll of magic mapping {unknown}
 l - 2 scrolls of fear {unknown}
 u - a scroll of enchant armour {unknown}
 v - a scroll of vulnerability {unknown}
Potions
 f - a potion of magic
 h - a potion of haste
 n - a potion of resistance
 o - 2 potions of heal wounds {unknown}
 q - a potion of curing {unknown}
 r - a potion of attraction {unknown}
 s - 2 potions of flight {unknown}


   Skills:
 + Level 5.0 Fighting
 * Level 5.9 Axes
 + Level 4.5 Armour
 - Level 3.2 Shields


You had 5 spell levels left.
You didn't know any spells.
Your spell library was empty.

Dungeon Overview and Level Annotations

Branches:
Dungeon (4/15)
 Temple: D:4-7

Altars:


Message History

You hit the jackal.
The jackal is heavily wounded.
The jackal bites you but does no damage. x2
You miss the jackal.
The jackal is heavily wounded.
You closely miss the jackal. The jackal completely misses you.
The jackal barely misses you. The jackal bites you.
You slash the jackal!
You kill the jackal!
You barely miss the jackal.
The jackal bites you but does no damage.
You block the jackal's attack.
You closely miss the jackal.
The jackal bites you but does no damage.
The jackal barely misses you.
You hit the jackal but do no damage.
The jackal bites you but does no damage.
The jackal closely misses you.
You slash the jackal!
You kill the jackal!
No target in view!
No target in view!
No target in view!
You see here a jackal corpse.
n - 2 metallic puce potions (gained 1)
You see here a +0 robe.
Found a stone staircase leading down.
An endoplasm comes into view.
The endoplasm quivers.
An endoplasm is nearby!
An endoplasm is nearby!
The endoplasm barely misses you.
You hit the endoplasm.
The endoplasm is moderately wounded.
The endoplasm closely misses you.
You slash the endoplasm!
You kill the endoplasm!
No target in view!
No target in view!
No target in view!
No target in view!
No target in view!
A jelly comes into view.
The jelly quivers.
A jelly is nearby!
A jelly is nearby!
You enter the shallow water.
Moving in this stuff is going to be slow.
You slash the jelly! The acid corrodes you!
Your hands burn!
The jelly is severely wounded.
You block the jelly's attack.
Your unstable footing causes you to fumble your attack.
The jelly hits you. The acid corrodes you!
You are splashed with acid!
An endoplasm, an orc priest and a kobold come into view.
The endoplasm quivers.
The orc priest threatens, "By the altar or by the axe, you will meet Beogh!" (press Y on the ability menu to convert to Beogh)
The orc priest shouts!
You hear a shout!
The jelly hits you but does no damage.
The orc priest mumbles some strange prayers to Beogh against you.
Beogh smites you!
An orc comes into view. It is wielding a +0 whip.
The jelly barely misses you.
You barely miss the jelly.
The jelly is severely wounded.
The jelly hits you.
You are splashed with acid!
* * * LOW HITPOINT WARNING * * *
An orc comes into view. It is wielding a +0 war axe.
Unknown command.
You hit the jelly.
Your hands burn!
* * * LOW HITPOINT WARNING * * *
The jelly is severely wounded.
The jelly hits you but does no damage.
Unknown command.
Okay, then.
You feel very mighty all of a sudden. The jelly barely misses you.
Unknown command.
You slice the jelly!!
You kill the jelly!
Your Fighting skill increases to level 5!
You have reached level 6!
You slice the endoplasm!!
You kill the endoplasm!
You slash the kobold!
You kill the kobold!
Unknown command.
It was a potion of magic.
Magic courses through your body.
Unknown command.
It was a potion of resistance.
You feel protected.
n - a potion of resistance;
f - a potion of magic The orc priest calls down the wrath of Beogh upon you.
Pain shoots through your body!
* * * LOW HITPOINT WARNING * * *
It was a potion of haste.
You feel yourself speed up.
h - a potion of haste;
l - 2 scrolls labelled WAIPSOSUIR The orc priest calls down the wrath of Beogh upon you.
Beogh smites you!
You die...

..~~~~.~~≈~~... ##.
..~≈≈~.~~≈≈~.##. #..
..≈≈≈~.~≈≈≈≈.##.##..
..~≈≈≈.~~~~~........
..~~~~.......###....
....o...~~~~........####
..~~≈≈~)~≈≈~............
..~≈≈≈~@~≈≈~............
..≈≈≈≈~.~≈≈~.##...##.###
..~~~≈~.~~~~.#........#
....o.o......#..#.##..#
.....####..##...#.#)..#
...## #...##.......†#.#
...####.###.........#.#
.# #....#>............#
#...###.........)...<##


You could see an orc priest and 2 orcs.

Vanquished Creatures
  A scorpion (D:4)
  A jelly (D:4)
  An iguana (D:4)
  6 adders
  A dart slug (D:1)
  4 orcs
  4 bats
  5 endoplasms
  2 giant cockroaches
  4 goblins
  5 hobgoblins
  4 jackals (D:4)
  8 kobolds
  A quokka (D:4)
  7 ball pythons
  6 frilled lizards
  3 rats
63 creatures vanquished.

Notes
Turn   | Place    | Note
-------+----------+-------------------------------------------
     0 | D:1      | Flugslaktarn the Hill Orc Fighter began the quest for the
                  | Orb.
     0 | D:1      | Reached XP level 1. HP: 19/19 MP: 1/1
   113 | D:1      | Reached XP level 2. HP: 27/27 MP: 2/2
  1125 | D:2      | Reached XP level 3. HP: 33/33 MP: 3/3
  1634 | D:2      | Found a faded altar of an unknown god.
  2104 | D:3      | Reached XP level 4. HP: 40/40 MP: 4/4
  2699 | D:4      | Noticed a scorpion
  2707 | D:4      | Killed a scorpion
  2708 | D:4      | Reached skill level 5 in Axes
  2708 | D:4      | Reached XP level 5. HP: 43/47 MP: 5/5
  2929 | D:4      | Reached skill level 5 in Fighting
  2929 | D:4      | Reached XP level 6. HP: 11/56 MP: 6/6
  2931 | D:4      | HP: 1/56 [orc priest/nerve-wracking pain (11)]
  2932 | D:4      | Killed from afar by an orc priest

Illustrated notes

Levels and vault maps discovered:
D:1:      co_arrival_random_square_maze, layout_loops_corners
D:2:      layout_basic, dreamdust_ecumenical_altar_hidden_monk_grotto
D:3:      layout_loops_ring, kennysheep_generic_room_4
D:4:      layout_rooms, minivault_14

Skill      XL: |  1  2  3  4  5 |
---------------+----------------+-----
Axes           | 3 4 5 |  5.9
Fighting       | 4 5 |  5.0
Armour         | 4 |  4.5
Shields        | |  3.2

Action                     |  1- 3 |  4- 6 || total
---------------------------+-------+-------++-------
  Melee: War axe           |    87 |    76 ||   163
    Use: Potion            |       |     4 ||     4
 Armour: Scale mail        |    48 |    35 ||    83
  Dodge: Dodged            |    31 |    34 ||    65
  Block: Buckler           |    10 |    25 ||    35

Table legend: (Time is in decaauts)
 A = Elapsed time spent in this place.
 B = Non-inter-level travel time spent in this place.
 C = Inter-level travel time spent in this place.
 D = Time resting spent in this place.
 E = Time spent auto-exploring this place.
 F = Levels seen in this place.
 G = Mean time per level.
                   A        B        C        D        E       F      G
               +--------+--------+--------+--------+--------+-----+--------+
         Total |   2986 |   2847 |    139 |     41 |   2377 |   4 |  746.5 |
       Dungeon |   2986 |   2847 |    139 |     41 |   2377 |   4 |  746.5 |
               +--------+--------+--------+--------+--------+-----+--------+

Top non-repeatable levels by time:
     D:2: 1119 daAuts
     D:1: 969 daAuts
     D:3: 651 daAuts
     D:4: 245 daAuts
